 Dungeon Crawl Stone Soup version 0.18-a0-739-gdae9da8 (webtiles) character file.

74 M4edhros the Charlatan (level 4, -4/28 HPs)
             Began as an Octopode Artificer on Dec 10, 2015.
             Slain by Grinder (11 damage)
             ... on level 4 of the Dungeon.
             The game lasted 00:01:45 (1573 turns).

M4edhros the Charlatan (Octopode Artificer)         Turns: 1573, Time: 00:01:45

Health: -4/28      AC:  1    Str: 10    XL:     4   Next: 28%
Magic:  7/7        EV: 12    Int: 15    God:
Gold:   78         SH:  0    Dex: 12    Spells: 0 memorised, 3 levels left

rFire  . . .     SeeInvis +     a - +0 short sword
rCold  + . .     Clarity  .     (no shield)
rNeg   . . .     SustAt   .     (helmet restricted)
rPois  .         Gourm    .     g - amulet of resist corrosion
rElec  .         Spirit   .     k - ring of protection from cold
rCorr  +         Dismiss  .     l - ring of see invisible
rMut   .         Stasis   .     (no ring)
MR     .....                    (no ring)
Stlth  ++++......               (no ring)
                                (no ring)
                                (no ring)
                                (no ring)

@: not resistant to hostile enchantments, stealthy
A: almost no armour, amphibious, 8 rings, constrict 8, camouflage 1, gelatinous
body 1
a: no special abilities


You were on level 4 of the Dungeon.
You were hungry.

You visited 1 branch of the dungeon, and saw 4 of its levels.

You collected 78 gold pieces.

Inventory:

Hand Weapons
 a - a +0 short sword (weapon)
Missiles
 n - 26 stones (quivered)
Jewellery
 g - an amulet of resist corrosion (around mantle)
 k - a ring of protection from cold (left tentacle)
 l - a ring of see invisible (right tentacle)
Wands
 b - a wand of flame (6)
 c - a wand of enslavement (14)
 d - a wand of random effects (10)
Scrolls
 i - a scroll of teleportation {unknown}
 m - 3 scrolls of identify {unknown}
Comestibles
 e - 2 bread rations
 f - 3 fruits
 h - 2 beef jerkies
 j - a meat ration


   Skills:
 - Level 1.0 Fighting
 - Level 1.0 Short Blades
 - Level 2.0 Dodging
 + Level 4.1 Stealth
 + Level 4.5 Evocations


You had 3 spell levels left.
You didn't know any spells.

Dungeon Overview and Level Annotations

Branches:
Dungeon (4/15)
 Temple: D:4-7

Altars:
Kikubaaqudgha
Qazlal
Sif Muna

Annotations:
D:4 Grinder


Innate Abilities, Weirdness & Mutations

You cannot wear most types of armour.
You are amphibious.
You can wear up to eight rings at the same time.
You can use your tentacles to constrict eight enemies at once.
Your skin changes colour to match your surroundings (Stealth).
Your rubbery body absorbs attacks (AC +1).


Message History

Found a ring mail.
You see here a ring mail.
Grinder shouts!
Grinder hits you!
You writhe in agony.
You barely miss Grinder. Your grab misses Grinder. Grinder gestures at you.
Pain shoots through your body!
* * * LOW HITPOINT WARNING * * *
You hit Grinder. You grab Grinder.
Grinder is lightly wounded.
You constrict Grinder. Grinder misses you.
You aren't carrying any potions.
Evoke which item? (* to show all) (? for menu, Esc to quit)
Zapping:
b - a wand of flame (7)
Press: ? - help, Shift-Dir - straight line, f - Grinder
Aim: Grinder (lightly wounded, constricted by you)
The puff of flame hits Grinder.
Grinder is moderately wounded.
This wand has 6 charges left.
You constrict Grinder. Grinder hits you!
You die...

###########.#
#.........#.#
#.........#.#
#.....#.....#
#.....#+#####
#.#'#.....#
#.#<+.....#
#[#.#.....#
#@#.+.....#
#5###.....#
... ....###
##########


You could see Grinder.

Vanquished Creatures
  3 gnolls (D:3)
  2 adders
  An adder skeleton (D:4)
  A worm (D:2)
  A giant gecko (D:1)
  4 giant cockroaches
  4 goblins
  2 hobgoblins
  A bat (D:1)
  A kobold (D:3)
  5 rats
25 creatures vanquished.

Vanquished Creatures (others)
  A goblin (D:3)
1 creature vanquished.

Grand Total: 26 creatures vanquished

Notes
Turn   | Place    | Note
--------------------------------------------------------------
     0 | D:1      | M4edhros the Octopode Artificer began the quest for the Orb.
     0 | D:1      | Reached XP level 1. HP: 13/13 MP: 3/3
   243 | D:2      | Reached XP level 2. HP: 18/18 MP: 4/4
   923 | D:3      | Reached XP level 3. HP: 23/23 MP: 5/5
   927 | D:3      | Found an ancient bone altar of Kikubaaqudgha.
   979 | D:3      | Found a stormy altar of Qazlal.
  1098 | D:3      | Reached skill level 4 in Evocations
  1236 | D:3      | Reached XP level 4. HP: 9/28 MP: 7/7
  1475 | D:4      | Found a deep blue altar of Sif Muna.
  1490 | D:4      | Noticed a slave
  1491 | D:4      | Noticed a slave
  1565 | D:4      | Noticed Grinder
  1573 | D:4      | Slain by Grinder

Vault maps used:
D:1:      dpeg_arrival_chambers_temple_mockup
D:3:      grunt_temple_overflow_gold_and_silver, old_standard_altar,
          kiku_gazebo_pond_becter
D:4:      lemuel_doored_altar, first_bread, uniq_grinder, uniq_pikel

Action                   |  1- 3 |  4- 6 || total
-------------------------+-------+-------++-------
Melee: Short sword       |    47 |     7 ||    54
Evoke: Wand              |    10 |     5 ||    15
 Stab: Sleeping          |     6 |       ||     6
  Eat: Chunk             |     1 |       ||     1
